Map: Automaton LE

Players

Juxtapose - Winner!

  • Race: Protoss Protoss
  • Spawn Location: 3:00

VOD

https://youtu.be/4lMyvHPseD4

Description

It's been some months since I've played Versus StarCraft II, and I've been feeling like getting back into it. So to start, I'm going to play several matches against the Versus AI to warm up.

Given how rusty I am, I'm pleased with the way I played in this match. Instead of going for an Oracle opener, which typically works fantastically well against the AI, I went more traditional with some Zealots, Adepts, and Immortals.

Time

  • Played on: Dec. 15, 2018, 4:40 p.m.
  • Length: 17:40
Show
View Real Time Build Order
Export as new Build Order

Juxtapose Protoss - Winner!

Build Orders:  

Get SALT Encoding   

  12  0:04  Probe (Chrono Boost)  
  14  0:21  Probe (Chrono Boost)  
  14  0:35  Pylon  
  14  0:44  Probe (Chrono Boost)  
  15  1:03  Gateway, Probe (Chrono Boost)  
  16  1:18  Assimilator  
  17  1:20  Probe (Chrono Boost)  
  17  1:32  Pylon  
  17  1:37  Probe (Chrono Boost)  
  18  1:56  Probe (Chrono Boost)  
  19  2:13  Probe (Chrono Boost)  
  19  2:19  Cybernetics Core  
  16  2:30  Probe (Chrono Boost)  
  21  2:32  Pylon  
  21  2:56  Assimilator  
  21  2:58  Zealot  
  21  2:59  Probe (Chrono Boost)  
  24  3:06  Gateway  
  24  3:16  Probe (Chrono Boost)  
  25  3:36  Nexus  
  25  4:04  Probe (Chrono Boost)  
  26  4:17  Zealot  
  30  4:29  Twilight Council  
  30  4:37  Robotics Facility  
  31  4:41  Probe (Chrono Boost)  
  31  4:52  Pylon  
  31  4:54  Unknown  
  31  4:58  Probe (Chrono Boost)  
  32  5:05  Zealot  
  34  5:15  Warp Gate  
  34  5:25  Probe x2 (Chrono Boost)  
  38  5:40  Immortal  
  38  5:42  Probe x2 (Chrono Boost)  
  38  5:43  Pylon  
  42  6:05  Probe x2 (Chrono Boost)  
  44  6:23  Probe x2 (Chrono Boost)  
  44  6:25  Immortal  
  44  6:28  Zealot  
  48  6:32  Adept  
  54  6:57  Pylon  
  54  7:00  Charge  
  54  7:04  Probe x2 (Chrono Boost)  
  56  7:14  Shield Battery  
  56  7:19  Adept  
  60  7:20  Adept  
  60  7:21  Probe x2 (Chrono Boost)  
  60  7:26  Immortal  
  68  7:42  Probe x2 (Chrono Boost)  
  68  7:45  Assimilator  
  68  7:53  Forge  
  68  7:57  Zealot  
  68  7:59  Probe (Chrono Boost)  
  71  8:05  Gateway  
  71  8:13  Protoss Ground Weapons Level 1  
  71  8:23  Assimilator  
  71  8:38  Immortal  
  75  8:50  Zealot  
  75  8:58  Pylon  
  73  9:35  Immortal  
  77  9:43  Pylon, Zealot x2  
  77  9:44  Zealot  
  83  9:52  Robotics Bay  
  83  9:55  Pylon  
  83  10:03  Unknown  
  83  10:15  Pylon, Photon Cannon  
  83  10:30  Pylon, Immortal  
  87  10:42  Dark Shrine  
  87  11:00  Robotics Facility  
  87  11:04  Zealot x2  
  87  11:05  Zealot  
  93  11:13  Protoss Ground Armor Level 1  
  93  11:25  Observer  
  94  11:39  Zealot x3  
  100  11:48  Colossus  
  106  12:00  Extended Thermal Lance  
  106  12:19  Nexus  
  98  12:31  Colossus  
  98  12:36  Unknown  
  98  12:38  Zealot  
  96  12:52  Zealot  
  96  12:53  Zealot  
  96  12:56  Observer  
  101  13:17  Zealot  
  103  13:25  Pylon  
  103  13:26  Colossus  
  103  13:27  Protoss Ground Weapons Level 2  
  109  13:30  Pylon  
  109  13:33  Pylon  
  109  13:46  Colossus  
  115  13:58  Gravitic Boosters  
  115  14:17  Zealot x2  
  115  14:18  Zealot  
  99  14:39  Gateway  
  99  14:44  Gateway  
  99  14:49  Gateway  
  99  14:52  Gateway  
  99  14:56  Zealot  
  99  14:57  Zealot x2  
  105  15:01  Immortal  
  105  15:02  Colossus  
  115  15:32  Assimilator  
  115  15:34  Dark Templar x2  
  115  15:36  Unknown  
  115  15:39  Assimilator  
  105  16:05  Zealot  
  105  16:06  Zealot x2  
  111  16:28  Immortal x2  
  115  16:45  Zealot x3  
  115  16:46  Zealot x3  
  115  16:47  Unknown, Zealot  
  129  16:50  Observer  
Tags
 
Add a new tag
Caveats
  • Supply blocks, unpowered buildings, or Contaminate may cause inaccurate times.
  • Supply counts are checked every 10 seconds.